 Dungeon Crawl Stone Soup version 0.31-b1-18-g61460d1e46 (webtiles) character file.

Game seed: 10815888393085668646

3502 booth the Cleaver (level 9, -1/86 HPs)
             Began as a Minotaur Fighter on Jan 15, 2024.
             Was a Priest of Okawaru.
             Slain by a rime drake (3 damage)
             ... on level 8 of the Dungeon on Jan 16, 2024.
             The game lasted 00:34:37 (5610 turns).

booth the Cleaver (Minotaur Fighter)                Turns: 5610, Time: 00:34:38

Health: -1/86      AC: 13    Str: 24    XL:     9   Next: 80%
Magic:  7/8        EV:  9    Int:  8    God:    Okawaru [***...]
Gold:   206        SH:  4    Dex: 10    Spells: 8/8 levels left

rFire   . . .        a - +0 war axe (venom)
rCold   . . .        c - +0 buckler
rNeg    + . .        b - +0 scale mail
rPois   +            (helmet restricted)
rElec   .            (no cloak)
rCorr   .            e - +1 pair of gloves
SInv    .            m - +1 pair of boots
Will    .....        (no amulet) Stlth
                     A - ring of poison resistance
HPRegen 0.34/turn    n - ring of positive energy
MPRegen 0.11/turn

%: no passive effects
@: about to teleport
A: horns 2, retaliatory headbutt, fangs 1, iridescent scales 1, strong 1,
persistent drain
a: Renounce Religion, Heroism


You were on level 8 of the Dungeon.
You worshipped Okawaru.
Okawaru was most pleased with you.
You visited 2 branches of the dungeon, and saw 9 of its levels.

You collected 466 gold pieces.
You spent 260 gold pieces at shops.

Inventory:

Hand Weapons
 a - a +0 war axe of venom (weapon)
 d - a +4 flail of protection
 B - a +3 battleaxe
Armour
 b - a +0 scale mail (worn)
 c - a +0 buckler (worn)
 e - a +1 pair of gloves (worn)
 m - a +1 pair of boots (worn)
Jewellery
 h - a +6 ring of dexterity
 n - a ring of positive energy (right hand)
 o - a ring of flight
 x - a +6 ring of strength
 A - a ring of poison resistance (left hand)
Scrolls
 f - 4 scrolls of teleportation
 i - a scroll of immolation
 q - a scroll of fear
 s - 2 scrolls of silence
 u - 2 scrolls of fog
 v - a scroll of amnesia
 w - 2 scrolls of poison
 y - a scroll of vulnerability
Potions
 g - a potion of brilliance
 j - a potion of invisibility
 k - 3 potions of attraction
 l - a potion of resistance
 p - 2 potions of haste
 r - a potion of heal wounds
 t - 3 potions of curing
 z - a potion of lignification
 C - a potion of might


   Skills:
 + Level 10.4 Fighting
 * Level 13.6 Axes
 - Level 3.7 Armour
 - Level 3.7 Shields


You had 8 spell levels left.
You didn't know any spells.
Your spell library contained the following spells:

 Spells                   Type           Power      Damage    Failure   Level
 Magic Dart               Conj           0%         1d3       77%         1
 Searing Ray              Conj           0%         2d4       88%         2
 Inner Flame              Hex/Fire       0%         N/A       98%         3
 Stone Arrow              Conj/Erth      0%         3d7       98%         3
 Fulminant Prism          Conj/Alch      0%         3d5       100%        4
 Irradiate                Conj/Alch      0%         3d11      100%        5
 Ignition                 Fire           0%         3d3       100%        8
 Lehudib's Crystal Spear  Conj/Erth      0%         10d2      100%        8
 Summon Ice Beast         Ice/Summ       Unusable   N/A       N/A         3
 Animate Armour           Summ/Erth      Unusable   N/A       N/A         4
 Summon Mana Viper        Hex/Summ       Unusable   N/A       N/A         5
 Monstrous Menagerie      Summ           Unusable   N/A       N/A         7

Dungeon Overview and Level Annotations

Branches:
Dungeon (8/15)             Temple (1/1) D:5
   Lair: D:8-11

Altars:
Ashenzari
Cheibriados
Dithmenos
Elyvilon
Fedhas
Gozag
Hepliaklqana
Kikubaaqudgha
Makhleb
Nemelex Xobeh
Okawaru
Qazlal
Ru
Sif Muna
Trog
Uskayaw
Vehumet
Wu Jian
Xom
Zin
The Shining One

Shops:
D:5 [   D:7 ?


Innate Abilities, Weirdness & Mutations

You have a pair of horns on your head.
You reflexively headbutt those who attack you in melee.
You have very sharp teeth.
You are partially covered in iridescent scales. (AC +2)
Your muscles are strong. (Str +4, Int/Dex -1)
Your health recovers twice as slowly from being drained.


Message History

* * * LOW HITPOINT WARNING * * *
You are encased in ice.
You slash the troll!
The troll is poisoned.
You bite the troll, but do no damage.
The troll is lightly wounded.
You feel much better. The ice encasing you melts away.
The howler monkey hoots and howls with incredible vigour!
The troll barely misses you. You furiously retaliate!
You headbutt the troll.
The troll claws you but does no damage. x2
You hear a howl!
You hear a bellow!
You hear a shout!
As you read the scroll of teleportation, it crumbles to dust.
You feel strangely unstable.
You feel like a meek peon again.
You block the troll's attack. x2; The troll claws you but does no damage.
The howler monkey hits you but does no damage.
You hit the troll.
The troll is moderately wounded.
You completely miss the howler monkey. The troll closely misses you.
You block the troll's attack. The troll claws you.
The howler monkey hits you but does no damage.
You hit the troll.
The troll looks as sick as possible!
The troll is moderately wounded.
You slash the howler monkey!
The howler monkey is poisoned.
You block the troll's attack. The troll claws you.
* * * LOW HITPOINT WARNING * * *
The troll closely misses you. The howler monkey hits you.
* * * LOW HITPOINT WARNING * * *
You hit the troll but do no damage.
The troll looks as sick as possible!
You bite the troll.
The troll is heavily wounded.
You closely miss the howler monkey.
You hit the rime drake but do no damage.
The rime drake is poisoned.
The troll bites you!
* * * LOW HITPOINT WARNING * * *
The troll claws you but does no damage. The troll claws you!
* * * LOW HITPOINT WARNING * * *
The howler monkey hits you but does no damage.
The rime drake bites you.
You die...

..##..#k.[.#
.........Y.
.........#
#~.......# ###
.#..#.#..###.#
....##..#....##
..............##
.#######.....h.#
#.....T@##
#.....k..#
#........#
#.(.....##
#.......#
#......##
#......#
#....####
###.....####


You could see a troll (extremely poisoned), a rime drake (very poisoned) and a
howler monkey (very poisoned).

Vanquished Creatures
  A cyclops (D:8)
  3 steam dragons
  Edmund (D:5)
  A water moccasin (D:5)
  5 ice beasts
  2 wolves (D:8)
  3 phantoms
  A kobold brigand (D:7)
  A bullfrog (D:7)
  2 scorpions
  9 wights
  6 howler monkeys
  4 bombardier beetles
  3 orc priests
  3 hounds
  A jelly (D:6)
  A sleepcap (D:6)
  4 iguanas
  4 orc wizards
  9 adders
  A shadow imp (D:5)
  A ribbon worm (D:2)
  22 orcs
  9 endoplasms
  5 giant cockroaches
  5 goblins
  5 hobgoblins
  10 jackals
  A quokka (D:2)
  4 ball pythons
  10 bats
  3 frilled lizards
  10 kobolds
  7 rats
157 creatures vanquished.

Notes
Turn   | Place    | Note
-------+----------+-------------------------------------------
     0 | D:1      | booth the Minotaur Fighter began the quest for the Orb.
     0 | D:1      | Reached XP level 1. HP: 19/19 MP: 0/0
   198 | D:1      | Reached skill level 3 in Axes
   198 | D:1      | Reached XP level 2. HP: 23/24 MP: 1/1
   613 | D:2      | Reached XP level 3. HP: 32/32 MP: 2/2
   722 | D:2      | Found a faded altar of an unknown god.
   744 | D:2      | Reached skill level 4 in Axes
  1013 | D:2      | You fall into a shaft and drop 1 floor!
  1188 | D:2      | Reached XP level 4. HP: 41/41 MP: 3/3
  1371 | D:3      | Noticed a phantom
  1383 | D:3      | Killed a phantom
  1384 | D:3      | Reached skill level 5 in Fighting
  1384 | D:3      | Reached skill level 5 in Axes
  1384 | D:3      | Reached XP level 5. HP: 46/48 MP: 4/4
  1525 | D:3      | Gained mutation: Your health recovers twice as slowly from
                  | being drained. [potion of mutation]
  1525 | D:3      | Gained mutation: You have very sharp teeth. [potion of
                  | mutation]
  1525 | D:3      | Gained mutation: Your muscles are strong. (Str +4, Int/Dex
                  | -1) [potion of mutation]
  1525 | D:3      | Gained mutation: You are partially covered in iridescent
                  | scales. (AC +2) [potion of mutation]
  1527 | D:3      | HP: 2/48 [orc priest/divine providence (11)]
  1536 | D:3      | Reached skill level 6 in Axes
  1791 | D:3      | Found a hide-covered altar of Uskayaw.
  1948 | D:4      | Reached XP level 6. HP: 56/56 MP: 5/5
  2324 | D:4      | Reached skill level 7 in Axes
  2563 | D:5      | Entered Level 5 of the Dungeon
  2650 | D:5      | Reached XP level 7. HP: 61/64 MP: 6/6
  2692 | D:5      | Noticed Edmund
  2705 | D:5      | Killed Edmund
  2706 | D:5      | Reached skill level 8 in Axes
  3040 | D:5      | Found a staircase to the Ecumenical Temple.
  3051 | Temple   | Entered the Ecumenical Temple
  3079 | Temple   | Became a worshipper of Warmaster Okawaru
  3240 | D:5      | Reached skill level 9 in Axes
  3260 | D:5      | Reached XP level 8. HP: 73/73 MP: 7/7
  3275 | D:5      | Reached * piety under Okawaru
  3567 | D:5      | Found Haeck's Armour Boutique.
  3873 | D:6      | Reached skill level 10 in Axes
  4178 | D:6      | Reached ** piety under Okawaru
  4469 | D:7      | Found a stormy altar of Qazlal.
  4469 | D:7      | Found a radiant altar of Vehumet.
  4477 | D:7      | Reached skill level 11 in Axes
  4657 | D:7      | Reached XP level 9. HP: 70/83 MP: 8/8
  4881 | D:7      | Reached skill level 12 in Axes
  5038 | D:7      | Found Hyiff's Magic Scroll Shop.
  5042 | D:7      | Bought a scroll of enchant armour for 75 gold pieces
  5042 | D:7      | Bought a scroll of identify for 20 gold pieces
  5042 | D:7      | Bought a scroll of enchant armour for 75 gold pieces
  5042 | D:7      | Bought a scroll of identify for 20 gold pieces
  5042 | D:7      | Bought a scroll of identify for 20 gold pieces
  5042 | D:7      | Bought a scroll of identify for 20 gold pieces
  5042 | D:7      | Bought a scroll of teleportation for 30 gold pieces
  5234 | D:7      | Reached *** piety under Okawaru
  5480 | D:8      | Noticed a cyclops
  5494 | D:8      | Killed a cyclops
  5495 | D:8      | Reached skill level 10 in Fighting
  5495 | D:8      | Reached skill level 13 in Axes
  5504 | D:8      | Upgraded the game from 0.31-b1-17-gcfd88c8481 to
                  | 0.31-b1-18-g61460d1e46
  5583 | D:8      | Noticed a rime drake
  5596 | D:8      | Noticed a troll
  5603 | D:8      | HP: 3/86 [rime drake/icy flash freeze (24)]
  5610 | D:8      | HP: 2/86 [troll (7)]
  5610 | D:8      | Slain by a rime drake

Illustrated notes

Levels and vault maps discovered:
D:1:      dpeg_arrival_stonehenge_12_columns, layout_loops_ring
D:2:      layout_basic, serial_glass, glass_columns_a, glass_columns_b,
          glass_columns_b, glass_columns_b, glass_columns_b, glass_columns_c,
          dilly_ecumenical_altar_fadedgnrine, minmay_tetromino_i2
D:3:      layout_rooms, nicolae_uskayaw_dance_hall
D:4:      layout_rooms
D:5:      layout_loops_ring, minmay_temple_entry_antechambers, serial_shops,
          nicolae_shop_back_alley_shop, nicolae_twisty_statue_hallways,
          uniq_edmund
D:6:      layout_basic
D:7:      layout_cave_pods, chequers_temple_overflow_statue_of_worship,
          serial_shops, nicolae_shop_rolled_up
D:8:      layout_cave_pods, lemuel_zombie_altar_yredelemnul,
          hellmonk_lair_entry_icy, serial_shops, shop_fountains,
          chequers_serial_rivers_micro_a, minmay_shattered_shrine, uniq_maurice,
          uniq_joseph
Temple:   mainiacjoe_temple_bowtie_tessellation

Skill      XL: |  1  2  3  4  5  6  7  8  9 |
---------------+----------------------------+-----
Axes           | 3 4 5 6 7 9 11 13 | 13.6
Fighting       | 4 5 6 7 9 10 | 10.4
Armour         | |  3.7
Shields        | |  3.7

Action                     |  1- 3 |  4- 6 |  7- 9 || total
---------------------------+-------+-------+-------++-------
  Melee: War axe           |    82 |   108 |   165 ||   355
         Headbutt          |    14 |    14 |    39 ||    67
         Bite              |       |     7 |    16 ||    23
 Invoke: Heroism           |       |       |     1 ||     1
    Use: Scroll            |     4 |     3 |    11 ||    18
         Potion            |       |     5 |     4 ||     9
 Armour: Scale mail        |    59 |    74 |   141 ||   274
  Dodge: Dodged            |    37 |    44 |    42 ||   123
  Block: Buckler           |    21 |    15 |    32 ||    68
